Build Orders - Match 19639761 - cohdb - Company of Heroes 3 Replays
cohdb
Replays
Latest Replays
All Replays
Popular Replays
Top Player Replays
Match Explorer
How It Works
Community
CoH3 Stats
Reddit
Sign in to upload your games and track your stats! →
Sign in with Steam
Match 19639761
Unlisted
Match 19639761
Overview
Messages
Build Orders
End
Panzergrenadier Squad
Selects Armored Support Battlegroup
Panzergrenadier Squad
Panzergrenadier Squad
Construct Light Support Kompanie
2.5-tonne Medical Truck
Fire Support Elements
Pak 38 Mechanized Group
Selects Veteran Gunners
Veteran Squad Leaders
Tungsten Core Ammunition
Construct Mechanized Kompanie
254 Reconnaissance Tractor
Marder III Tank Destroyer
Selects Flammpanzer III Medium Tank Sd.Kfz. 141
Marder III Tank Destroyer
Flammpanzer III Medium Tank
Arschhaare
purehate
bu1893
Cpt. Zugluft
PragerSchinken
Folscher
0
0
Comments
sign in to comment!
No comments posted yet!